 Dungeon Crawl Stone Soup version 0.16.1-28-gcc2312f (webtiles) character file.

293 Strung the Shield-Bearer (level 6, -3/56 HPs)
             Began as a Deep Dwarf Fighter on May 31, 2015.
             Slain by an ogre
             ... wielding a +0 giant club
              (5 damage)
             ... on level 4 of the Dungeon.
             The game lasted 00:22:34 (2733 turns).

Strung the Shield-Bearer (Deep Dwarf Fighter)       Turns: 2733, Time: 00:22:34

Health: -3/56      AC: 10    Str: 21    XL:     6   Next: 11%
Magic:  15/15      EV:  6    Int:  9    God:
Gold:   157        SH: 12    Dex: 12    Spells: 0 memorised, 5 levels left

rFire  . . .     SeeInvis .     v - +0 long sword
rCold  . . .     Clarity  .     p - +0 chain mail
rNeg   . . .     SustAb   .     c - +2 shield
rPois  .         Gourm    .     s - +0 helmet
rElec  .         Spirit   .     (no cloak)
rCorr  .         Warding  .     (no gloves)
rMut   .         Stasis   .     (no boots)
MR     .....                    (no amulet)
Stlth  ..........               (no ring)
                                m - ring of magical power

@: non-regenerating, not resistant to hostile enchantments, extremely unstealthy
A: damage resistance, recharge devices, sense surroundings 1, slow healing 3
a: Device Recharging


You were on level 4 of the Dungeon.
You were very hungry.

You visited 1 branch of the dungeon, and saw 4 of its levels.

You collected 157 gold pieces.

Inventory:

Hand weapons
 a - a +0 long sword
 v - a +0 long sword (weapon)
Armour
 c - a +2 shield (worn)
 p - a +0 chain mail (worn)
 s - a +0 helmet (worn)
Jewellery
 m - a ring of magical power (left hand)
 t - an uncursed ring of protection from cold {unknown}
Magical devices
 d - a wand of heal wounds (6)
 g - a wand of flame (24)
Scrolls
 h - a scroll of recharging
 o - 2 scrolls of teleportation
 r - 3 scrolls of blinking {unknown}
Potions
 b - 2 potions of curing {unknown}
 e - a potion of might
 j - 2 potions of invisibility
 k - a potion of mutation {unknown}
 q - a potion of magic {unknown}
 u - a potion of brilliance {unknown}
Comestibles
 f - 3 bread rations
 i - a slice of pizza
 l - 2 beef jerkies
 n - a meat ration
 w - a fruit


   Skills:
 + Level 3.2 Fighting
 + Level 2.9 Long Blades
 + Level 4.3 Armour
 + Level 2.1 Dodging
 + Level 0.3 Stealth
 + Level 5.4 Shields
 + Level 0.8 Evocations


You had 5 spell levels left.
You didn't know any spells.

Dungeon Overview and Level Annotations

Branches:
Dungeon (4/15)
 Temple: D:4-7

Altars:
Kikubaaqudgha
Trog
The Shining One

Annotations:
D:4 Grinder, Natasha


Innate Abilities, Weirdness & Mutations

You are resistant to damage.
You can recharge devices by infusing magical energy.
You passively map a small area around you.
You do not heal naturally.


Message History

The stone hits the ogre but does no damage.
Grinder barely misses you. You block Natasha's attack.
You block the ogre's attack.
The kobold throws a stone.
The stone hits you.
You see here a stone.
You block the kobold's attack.
Grinder gestures.
Grinder blinks!
The kobold throws a stone.
The stone hits you but does no damage. You block the ball python's attack.
You block the ball python's attack.
You see here a stone.
Natasha stares at you and mumbles some strange words.
You easily resist.
Grinder gestures.
Grinder blinks!
A hobgoblin comes into view. It is wielding a club.
Natasha casts a spell.
The ball python bites you but does no damage.
The ball python grabs you. The ball python constricts you.
You escape the ball python's grasp.
The ogre hits you with a giant club.
You die...

..#* * ### * # * #. ,
##..# , *#...# # ##...#
, #.. ##..g# *#.g
#....# , ####." ##.@.#
, , .#...* ##.O.## * *
....* #.KhS# * ...#*
##.5.K##...#* ...##
##.........# ....##
##.g........#
.....#####..(........#
##....##....5.K......#*
####.....((...........


You could see Grinder, an ogre, Natasha, a crimson imp, 2 hobgoblins, a ball
python and 3 kobolds.

Vanquished Creatures
  Blork the orc (D:4)
  An orc wizard (D:3)
  A worker ant (D:4)
  Natasha (D:4)
  8 adders
  2 worms
  4 giant geckos
  An ooze (D:1)
  5 orcs (D:3)
  11 bats
  5 giant cockroaches
  4 goblins
  8 hobgoblins
  2 jackals (D:2)
  5 kobolds
  4 giant newts
  6 rats (D:1)
69 creatures vanquished.

Notes
Turn   | Place    | Note
--------------------------------------------------------------
     0 | D:1      | Strung, the Deep Dwarf Fighter, began the quest for the Orb.
     0 | D:1      | Reached XP level 1. HP: 20/20 MP: 1/1
     0 | D:1      | Noticed a dwarf
     0 | D:1      | Noticed a centaur
     1 | D:1      | Noticed a spriggan
     3 | D:1      | Noticed a minotaur
     5 | D:1      | Noticed a felid
     6 | D:1      | Noticed an octopode
     7 | D:1      | Noticed an elf
     8 | D:1      | Noticed a spriggan
     9 | D:1      | Noticed a naga
    11 | D:1      | Noticed a spriggan
    13 | D:1      | Noticed a troll
    13 | D:1      | Noticed a draconian
    14 | D:1      | Noticed an elf
    17 | D:1      | Noticed an ogre
    17 | D:1      | Noticed a troll
    20 | D:1      | Noticed a troll
   141 | D:1      | Reached XP level 2. HP: 22/27 MP: 2/2
   683 | D:2      | Reached XP level 3. HP: 14/34 MP: 3/3
   699 | D:2      | Reached skill level 1 in Dodging
   750 | D:2      | Reached skill level 4 in Shields
   847 | D:2      | Reached XP level 4. HP: 19/42 MP: 4/4
   868 | D:2      | Found an ancient bone altar of Kikubaaqudgha.
  1531 | D:3      | Found a bloodstained altar of Trog.
  1980 | D:3      | Reached XP level 5. HP: 22/49 MP: 5/5
  2477 | D:4      | Noticed Natasha
  2538 | D:4      | Killed Natasha
  2538 | D:4      | Reached skill level 5 in Shields
  2568 | D:4      | Noticed Blork the orc
  2602 | D:4      | Killed Blork the orc
  2602 | D:4      | Reached XP level 6. HP: 16/56 MP: 6/6
  2631 | D:4      | Found a glowing golden altar of the Shining One.
  2713 | D:4      | Noticed Natasha
  2720 | D:4      | Noticed an ogre
  2721 | D:4      | Noticed Grinder
  2723 | D:4      | HP: 2/56 [ogre/giant club (12)]
  2733 | D:4      | Slain by an ogre

Action                   |  1- 3 |  4- 6 || total
-------------------------+-------+-------++-------
Melee: Long sword        |   165 |   212 ||   377
Evoke: Wand              |     1 |     3 ||     4
  Use: Scroll            |     1 |     9 ||    10
  Eat: Fruit             |       |     2 ||     2
       Chunk             |       |     2 ||     2
       Royal jelly       |       |     1 ||     1
